 Dungeon Crawl Stone Soup version 0.31.0-11-ge490571c62 (webtiles) character file.

Game seed: 11400369184926001205

51 SnakkuSnakku7 the Caller (level 3, -10/30 HPs)
             Began as a Ghoul Summoner on Jan 26, 2024.
             Mangled by an ogre
             ... wielding a +0 giant club
              (17 damage)
             ... on level 2 of the Dungeon.
             The game lasted 00:01:52 (1230 turns).

SnakkuSnakku7 the Caller (Ghoul Summoner)           Turns: 1230, Time: 00:01:53

Health: -10/30     AC:  8    Str: 13    XL:     3   Next: 81%
Magic:  0/5        EV:  6    Int: 14    God:
Gold:   111        SH:  0    Dex:  9    Spells: 4/5 levels left

rFire   . .          .
                       - Unarmed
rCold   + . .        (no shield)
rNeg    + + +        j - +0 chain mail
rPois   ∞            (no helmet)
rElec   .            (no cloak)
rCorr   .            (no gloves)
SInv    .            (no boots)
Will    .....        l - amulet of guardian spirit Stlth
                     (no ring)
HPRegen 0.00/turn    (no ring)
MPRegen 0.09/turn

%: guardian spirit
@: inhibited regen
A: claws 1, cold resistance 1, negative energy resistance 3, inhibited
regeneration, torment resistance 2, devour on kill
a: no special abilities


You were on level 2 of the Dungeon.
You visited 1 branch of the dungeon, and saw 2 of its levels.

You collected 111 gold pieces.

Inventory:

Armour
 a - a +0 robe
 h - a +0 leather armour
 j - a +0 chain mail (worn)
Jewellery
 l - an amulet of guardian spirit (around neck)
Scrolls
 c - a scroll of blinking {unknown}
 e - 2 scrolls of teleportation
 f - a scroll of immolation {unknown}
 g - a scroll of fog {unknown}
 i - 2 scrolls of identify {unknown}
 k - a scroll of fear {unknown}
 n - a scroll of poison {unknown}
Potions
 b - a potion of magic
 d - a potion of cancellation {unknown}
 m - a potion of lignification {unknown}


   Skills:
 + Level 2.4 Fighting
 - Level 1.7 Dodging
 - Level 2.1 Stealth
 + Level 2.4 Unarmed Combat
 - Level 1.7 Spellcasting
 - Level 3.6 Summonings


You had 4 spell levels left.
You knew the following spells:

 Your Spells              Type           Power      Damage    Failure   Level
a - Summon Small Mammal   Summ           44%        N/A       80%         1

Your spell library contained the following spells:

 Spells                   Type           Power      Damage    Failure   Level
 Call Imp                 Summ           22%        N/A       90%         2
 Call Canine Familiar     Summ           11%        N/A       99%         3
 Summon Blazeheart Golem  Fire/Summ      6%         N/A       100%        4
 Summon Lightning Spire   Summ/Air       6%         N/A       100%        4


Dungeon Overview and Level Annotations

Branches:
Dungeon (2/15)

Altars:


Innate Abilities, Weirdness & Mutations

You are immune to poison.
You have sharp fingernails.
Your flesh is cold resistant. (rC+)
You are immune to negative energy. (rN+++)
You do not regenerate when monsters are visible.
You are immune to unholy pain and torment.
You thrive by killing the living.


Message History

n - a scroll labelled REFOUT MOY
As you read the scroll labelled FUSYNWA IKKINU, it crumbles to dust.
You feel strangely unstable.
It was a scroll of teleportation.
Unknown command.
Your surroundings suddenly seem different.
A jackal comes into view.
The jackal barks!
The ogre shouts!
There are monsters nearby!
Unknown command.
The jackal completely misses you.
The jackal bites you but does no damage.
The jackal attacks as it pursues you! The jackal bites you.
You scratch the jackal.
The jackal is heavily wounded.
The jackal bites you but does no damage.
You scratch the jackal but do no damage.
The jackal is heavily wounded.
The jackal barely misses you.
The jackal bites you but does no damage.
You scratch the jackal.
You kill the jackal!
You barely miss the ogre. The ogre barely misses you.
You scratch the ogre.
The ogre is lightly wounded.
You scratch the ogre.
The ogre is moderately wounded.
The ogre hits you with a +0 giant club!
You scratch the ogre.
The ogre is heavily wounded.
The ogre hits you with a +0 giant club!
* * * LOW HITPOINT WARNING * * *
You are too injured to fight recklessly!
You are too injured to fight recklessly!
You barely miss the ogre.
The ogre is heavily wounded.
You claw the ogre!
The ogre is severely wounded.
The ogre hits you with a +0 giant club!!
Ouch! That really hurt!
You die...

# #.8...8...8.# ###.#####
#.#.. #...#...# #......
#..#.###.###.#### ###....
#....#...#.....# #....
#.8...8...8...# ###..
#..$..........# #..
####.....####.# #..
####### #.# #.# #@# #..
#O# ###.# #######.# #.'.#
##.......# #.#.#
##........# ...#†#
#.........##############.#
#........................#
#.........................
#.........................


You could see an ogre.

Vanquished Creatures
  A dart slug (D:2)
  A ribbon worm (D:2)
  5 bats
  5 endoplasms (D:1)
  5 giant cockroaches
  A goblin (D:1)
  4 hobgoblins
  5 jackals (D:2)
  2 quokkas (D:1)
  2 ball pythons
  A frilled lizard (D:1)
  A kobold (D:1)
  7 rats
40 creatures vanquished.

Notes
Turn   | Place    | Note
-------+----------+-------------------------------------------
     0 | D:1      | SnakkuSnakku7 the Ghoul Summoner began the quest for the
                  | Orb.
     0 | D:1      | Reached XP level 1. HP: 14/14 MP: 3/3
   195 | D:1      | Reached skill level 1 in Fighting
   195 | D:1      | Reached skill level 1 in Unarmed Combat
   195 | D:1      | Reached XP level 2. HP: 6/23 MP: 4/4
   565 | D:1      | Reached XP level 3. HP: 23/29 MP: 5/5
   912 | D:2      | Noticed an ogre
  1230 | D:2      | Mangled by an ogre

Illustrated notes

Levels and vault maps discovered:
D:1:      shiori_arrival_maze, layout_basic, fountainhead
D:2:      minmay_chambers_of_ones, layout_rooms, minmay_misc_feat_four_crosses,
          kennysheep_generic_room_10

Skill      XL: |  1  2  3 |
---------------+----------+-----
Fighting       | 1 2 |  2.4
Unarmed Combat | 1 2 |  2.4
Dodging        | |  1.7
Stealth        | |  2.1
Spellcasting   | |  1.7
Summonings     | |  3.6

Action                     || total
---------------------------++-------
  Melee: Unarmed           ||   175
         Punch             ||     3
    Use: Scroll            ||     1
   Stab: Sleeping          ||     1
 Armour: Robe              ||    47
         Leather armour    ||    13
         Chain mail        ||    49
  Dodge: Dodged            ||   100
